 Dungeon Crawl Stone Soup version 0.18.1-48-g4cf74bf (webtiles) character file.

429 Joat the Scholar of Death (level 6, 0/49 HPs)
             Began as a Deep Dwarf Necromancer on July 30, 2016.
             Was a Follower of Kikubaaqudgha.
             Slain by Grinder (9 damage)
             ... on level 3 of the Dungeon.
             The game lasted 01:00:29 (3893 turns).

Joat the Scholar of Death (Deep Dwarf Necromancer)  Turns: 3893, Time: 01:00:29

Health: 0/49       AC:  5    Str: 12    XL:     6   Next: 66%
Magic:  7/10       EV: 12    Int: 17    God:    Kikubaaqudgha [*.....]
Gold:   154        SH:  0    Dex: 13    Spells: 4 memorised, 2 levels left

rFire  . . .     SeeInvis .     b - +0 hunting sling
rCold  . . .     Gourm    .     e - +2 animal skin
rNeg   . . .     Faith    .     (no shield)
rPois  .         Spirit   .     p - +0 helmet
rElec  .         Dismiss  .     (no cloak)
rCorr  .         Reflect  .     (no gloves)
SustAt .         Harm     .     (no boots)
MR     .....                    (no amulet)
Stlth  ++........               (no ring)
                                (no ring)

@: non-regenerating, not resistant to hostile enchantments, unstealthy
A: damage resistance, recharge devices, sense surroundings 1, slow regeneration
3
a: Device Recharging, Receive Corpses, Renounce Religion


You were on level 3 of the Dungeon.
You worshipped Kikubaaqudgha.
Kikubaaqudgha was aware of your devotion.
You were not hungry.

You visited 1 branch of the dungeon, and saw 3 of its levels.

You collected 154 gold pieces.

Inventory:

Hand Weapons
 a - a +2 dagger of venom
 b - a +0 hunting sling (weapon)
 o - a +0 spear
 q - a +0 club
 G - a +0 flail of holy wrath
 H - a +2 dagger of electrocution
Missiles
 n - 39 bolts
 x - 39 stones
 D - 14 sling bullets (quivered)
 I - 5 tomahawks
Armour
 e - a +2 animal skin (worn)
 g - a +0 robe
 m - a +0 robe
 p - a +0 helmet (worn)
Wands
 c - a wand of heal wounds (2/9)
 B - a wand of lightning (6/15)
Scrolls
 i - 2 scrolls of remove curse {unknown}
 s - 4 scrolls of identify {unknown}
 u - a scroll of fear {unknown}
 y - a scroll of teleportation {unknown}
 A - a scroll of fog {unknown}
Potions
 f - a potion of mutation {unknown}
 h - a potion of invisibility {unknown}
 k - 3 potions of curing
 l - a potion of ambrosia {unknown}
 r - a potion of heal wounds {unknown}
 v - a potion of might {unknown}
 w - a potion of cure mutation {unknown}
 z - a potion of haste {unknown}
Books
 j - a book of Necromancy

   Spells                             Type                      Level
   a - Pain                           Necromancy                   1
   b - Animate Skeleton               Necromancy                   1
   c - Vampiric Draining              Necromancy                   3
   d - Regeneration                   Charms/Necromancy            3
   e - Animate Dead                   Necromancy                   4
   f - Control Undead                 Necromancy                   4
 E - Kikubaaqudgha's Grimoire of Necromancy
   (Kikubaaqudgha gifted it to you on level 3 of the Dungeon)

   Spells                             Type                      Level
   a - Animate Skeleton               Necromancy                   1
   b - Corpse Rot                     Necromancy                   2
   c - Sublimation of Blood           Necromancy                   2
   d - Vampiric Draining              Necromancy                   3
   e - Control Undead                 Necromancy                   4
 F - a book of Unlife

   Spells                             Type                      Level
   a - Recall                         Summoning/Translocation      3
   b - Animate Dead                   Necromancy                   4
   c - Control Undead                 Necromancy                   4
   d - Cigotuvi's Embrace             Necromancy                   5
   e - Death Channel                  Necromancy                   6
   f - Simulacrum                     Ice/Necromancy               6
Comestibles
 d - 4 bread rations
 t - a meat ration
 C - 2 chunks of flesh


   Skills:
 - Level 2.1 Dodging
 - Level 2.4 Stealth
 - Level 3.0 Spellcasting
 + Level 8.2 Necromancy


You had 2 spell levels left.
You knew the following spells:

 Your Spells              Type           Power        Failure   Level  Hunger
a - Pain                  Necr           ####         1%          1    None
b - Animate Skeleton      Necr           N/A          1%          1    None
c - Vampiric Draining     Necr           ####......   1%          3    ###....
d - Animate Dead          Necr           N/A          8%          4    ####...


Dungeon Overview and Level Annotations

Branches:
Dungeon (3/15)

Altars:
Kikubaaqudgha
Ru
Vehumet
Xom

Annotations:
D:3 Grinder


Innate Abilities, Weirdness & Mutations

You are resistant to damage.
You can recharge devices by infusing magical energy.
You passively map a small area around you.
You do not regenerate naturally.


Message History

Found a hand axe.
Your +2 dagger of venom stops dripping with poison.
b - a +0 hunting sling (weapon)
You are too injured to fight recklessly!
Firing (i - inventory. (,) - cycle):
D - 16 sling bullets (quivered)
Press: ? - help, Shift-Dir - straight line, f - Grinder
Aim: Grinder (lightly wounded)
You shoot a sling bullet.
The sling bullet hits Grinder but does no damage.
Grinder is lightly wounded.
Your orc skeleton closely misses Grinder.
Grinder hits you but does no damage.
Firing (i - inventory. (,) - cycle):
D - 15 sling bullets (quivered)
Press: ? - help, Shift-Dir - straight line, f/p - Grinder
Aim: Grinder (lightly wounded)
You shoot a sling bullet. The sling bullet barely misses Grinder.
Your orc skeleton barely misses Grinder.
Grinder hits you!
You die...
Kikubaaqudgha rasps: "You have failed me!
Welcome... death!"

* ** #### , .. ,
.≈≈## * ... , ≈≈≈#
)... , ≈≈## '
#..#########≈≈# *,
#..........#≈≈##
,#..........'...#
#..........'.((#
#.....@5...'.(.#
#......)Z..#≈≈(# *
,#..#########≈≈(#
,#. ,,#..≈≈≈#.#
+.h≈≈≈#.#### ,
#..≈≈##....# *
##gg≈≈ ##.#.#####
* , .g...≈≈
#..>..... * ,,
....≈≈≈#####..#...


You could see Grinder and a friendly orc skeleton.

Vanquished Creatures
  Sigmund (D:2)
  Jessica (D:2)
  Ijyb (D:2)
  3 orc wizards
  Robin (D:2)
  An adder (D:2)
  3 oozes
  3 dart slugs (D:1)
  2 giant geckos (D:2)
  4 orcs (D:3)
  A ball python (D:1)
  6 bats
  3 giant cockroaches
  16 goblins
  16 hobgoblins
  2 jackals (D:2)
  4 quokkas
  4 giant newts (D:1)
  8 kobolds
  11 rats
91 creatures vanquished.

Vanquished Creatures (collateral kills)
  An adder (D:2)
  4 goblins
  A quokka (D:3)
  A kobold (D:3)
7 creatures vanquished.

Grand Total: 98 creatures vanquished

Notes
Turn   | Place    | Note
--------------------------------------------------------------
     0 | D:1      | Joat the Deep Dwarf Necromancer began the quest for the Orb.
     0 | D:1      | Reached XP level 1. HP: 15/15 MP: 3/3
   193 | D:1      | Reached XP level 2. HP: 16/22 MP: 0/5
   495 | D:1      | Learned a level 1 spell: Animate Skeleton
   607 | D:1      | Reached XP level 3. HP: 19/28 MP: 3/7
   612 | D:1      | Learned a level 3 spell: Vampiric Draining
  1585 | D:2      | Reached skill level 5 in Necromancy
  1672 | D:2      | Noticed Jessica
  1675 | D:2      | Killed Jessica
  1675 | D:2      | Reached XP level 4. HP: 35/36 MP: 5/8
  1729 | D:2      | Found a sacrificial altar of Ru.
  1791 | D:2      | Reached skill level 6 in Necromancy
  1807 | D:2      | Noticed Robin
  1829 | D:2      | Killed Robin
  1829 | D:2      | Reached XP level 5. HP: 40/42 MP: 3/9
  2327 | D:2      | Noticed Ijyb
  2347 | D:2      | Killed Ijyb
  2394 | D:2      | Found an ancient bone altar of Kikubaaqudgha.
  2404 | D:2      | Became a worshipper of Kikubaaqudgha
  2685 | D:2      | Found a shimmering altar of Xom.
  2690 | D:2      | Noticed Sigmund
  2766 | D:2      | Killed Sigmund
  2766 | D:2      | Reached skill level 7 in Necromancy
  2766 | D:2      | Reached XP level 6. HP: 39/49 MP: 2/10
  3169 | D:2      | Learned a level 4 spell: Animate Dead
  3492 | D:3      | Found a radiant altar of Vehumet.
  3577 | D:3      | Reached * piety under Kikubaaqudgha
  3577 | D:3      | Received a gift from Kikubaaqudgha
  3579 | D:3      | Identified Kikubaaqudgha's Grimoire of Necromancy (Kikubaaqudgha gifted it to you on level 3 of the Dungeon)
  3590 | D:3      | Reached skill level 8 in Necromancy
  3876 | D:3      | Noticed Grinder
  3882 | D:3      | Paralysed by Grinder for 2 turns
  3893 | D:3      | Slain by Grinder

Skill      XL: |  1  2  3  4  5  6 |
---------------+-------------------+-----
Spellcasting   | 2 3 |  3.0
Necromancy     | 5 6 7 8 |  8.2
Dodging        | |  2.1
Stealth        | |  2.4

Action                   |  1- 3 |  4- 6 || total
-------------------------+-------+-------++-------
Melee: Unarmed           |     3 |       ||     3
       Spear             |    12 |       ||    12
       Dagger            |       |    33 ||    33
 Fire: Hunting sling     |    25 |    17 ||    42
Throw: Stone             |     9 |       ||     9
 Cast: Pain              |    45 |    52 ||    97
       Animate Skeleton  |     4 |     9 ||    13
       Vampiric Draining |    11 |    17 ||    28
       Animate Dead      |       |     3 ||     3
Evoke: Wand              |       |     3 ||     3
 Stab: Distracted        |     1 |       ||     1
       Paralysed         |       |     1 ||     1
       Sleeping          |       |     7 ||     7
  Eat: Chunk             |     4 |     9 ||    13
Armor: Robe              |     8 |       ||     8
       Animal skin       |       |    12 ||    12
Dodge: Dodged            |    29 |    52 ||    81
